Map: Triton LE

Players

LOADING - Winner!

  • Race: Terran Terran
  • League: Diamond
  • Spawn Location: 11:00

pHARM

  • Race: Zerg Zerg
  • League: Platinum
  • Spawn Location: 5:00

VOD

Have the link to the VOD?

Description

Time

  • Played on: Aug. 25, 2019, 5:56 a.m.
  • Length: 8:31
Show
View Real Time Build Order
Export as new Build Order

LOADING Terran - Winner!

Build Orders: 2 Factory, Command Center First (CC), Mech 

Get SALT Encoding   

  12  0:02  SCV  
  14  0:14  SCV  
  14  0:21  Supply Depot  
  14  0:26  SCV  
  16  0:42  SCV  
  16  0:55  SCV  
  17  1:04  Command Center  
  17  1:07  SCV  
  18  1:21  SCV  
  19  1:28  Refinery  
  19  1:31  Barracks  
  19  1:33  SCV  
  20  1:45  SCV  
  21  1:49  Supply Depot  
  21  1:52  Refinery  
  21  1:59  SCV  
  22  2:11  SCV  
  23  2:18  Orbital Command  
  23  2:22  Marine, Bunker  
  24  2:25  SCV  
  25  2:39  Marine  
  26  2:45  Factory  
  26  2:50  SCV x2  
  28  3:02  SCV  
  28  3:03  Orbital Command  
  29  3:07  Factory  
  29  3:14  SCV  
  30  3:26  SCV  
  31  3:31  Hellion  
  31  3:32  Factory  
  33  3:38  SCV x2  
  33  3:39  Supply Depot  
  35  3:50  SCV  
  35  3:51  SCV  
  35  3:52  Hellion  
  39  3:57  Hellion  
  39  4:01  Armory  
  39  4:02  SCV  
  42  4:03  SCV  
  42  4:07  Armory  
  43  4:10  Supply Depot  
  43  4:14  SCV  
  43  4:15  SCV  
  43  4:16  Factory Tech Lab  
  45  4:17  Factory Tech Lab  
  45  4:18  Factory Reactor  
  45  4:23  Supply Depot  
  45  4:27  SCV x2  
  47  4:34  Refinery  
  47  4:39  SCV x2  
  47  4:40  Supply Depot  
  49  4:46  Infernal Pre-Igniter  
  49  4:51  SCV x2  
  51  4:55  Refinery  
  51  5:03  SCV x2  
  51  5:05  Hellion x2  
  51  5:06  Hellion  
  59  5:08  Siege Tank  
  62  5:15  SCV x2  
  64  5:22  Terran Vehicle Weapons Level 1  
  64  5:27  Hellion, Siege Tank, SCV x2, Supply Depot  
  71  5:32  Hellion  
  73  5:38  Supply Depot  
  73  5:39  SCV x2  
  73  5:40  Hellion  
  77  5:48  Hellion  
  77  5:49  Supply Depot  
  79  5:54  SCV x2  
  81  5:57  Supply Depot  
  81  6:05  Siege Tank  
  81  6:06  Hellion  
  81  6:10  Command Center  
  87  6:11  SCV  
  87  6:12  Terran Vehicle And Ship Armor Level 1  
  87  6:16  SCV  
  88  6:18  Supply Depot  
  88  6:20  Factory  
  88  6:21  Siege Tank  
  88  6:22  Factory  
  91  6:28  Hellion x2  
  95  6:37  Siege Tank  
  89  6:49  Hellion x2  
  89  6:53  Hellion  
  90  7:09  Siege Tank  
  90  7:10  Hellion  
  90  7:11  Hellion  
  90  7:15  Hellion  
  97  7:18  SCV x2  
  93  7:30  SCV  
  93  7:35  Hellion  
  93  7:36  Siege Tank  
  97  7:41  SCV  
  97  7:42  SCV  
  95  7:45  SCV  
  96  7:53  SCV  
  96  7:54  SCV  
  96  7:57  SCV  
  99  7:58  Refinery  
  99  8:00  Refinery  
  99  8:05  SCV  
  100  8:07  SCV  
  99  8:17  SCV  
Show
View Real Time Build Order
Export as new Build Order

pHARM Zerg 

Build Orders: Hatch First 

Get SALT Encoding   

  12  0:01  Drone  
  13  0:12  Overlord  
  13  0:31  Drone  
  13  0:32  Drone x2  
  16  0:46  Drone  
  17  0:59  Drone  
  17  1:00  Hatchery  
  17  1:10  Drone  
  18  1:17  Drone  
  19  1:21  Spawning Pool  
  18  1:27  Drone  
  19  1:46  Extractor  
  18  1:47  Drone x2  
  20  2:03  Drone  
  21  2:16  Drone  
  22  2:24  Overlord  
  22  2:28  Drone x2  
  24  2:46  Queen x2, Drone x4  
  24  2:49  Metabolic Boost  
  32  3:02  Drone x3  
  35  3:18  Overlord, Drone  
  35  3:19  Overlord  
  36  3:28  Lair  
  36  3:36  Queen  
  36  3:37  Drone x3  
  41  3:56  Extractor  
  41  3:58  Drone x5, Extractor  
  41  3:59  Drone x5  
  49  4:18  Hatchery  
  48  4:43  Baneling Nest  
  47  4:48  Overlord x3  
  47  4:49  Overlord  
  47  4:50  Nydus Network  
  47  4:51  Zergling x8  
  47  4:52  Zergling x4  
  52  5:19  Queen x2  
  56  5:26  Baneling  
  56  5:27  Baneling x6  
  56  5:28  Zergling x16  
  64  5:44  Zergling x2  
  64  5:45  Zergling x12  
  71  5:54  Queen  
  73  6:08  Nydus Canal  
  73  6:11  Zergling x2  
  73  6:12  Zergling x10  
  79  6:38  Zergling x4  
  79  6:39  Zergling x18  
  87  6:44  Spine Crawler x2  
  87  6:45  Spine Crawler  
  60  7:11  Zergling x2  
  60  7:12  Zergling x14  
  67  7:19  Zergling x2  
  48  7:54  Baneling  
  48  7:55  Baneling x7  
  48  7:56  Zergling x2, Baneling x8  
  48  7:57  Zergling x12  
  54  8:08  Zergling x4  
Tags
 
Add a new tag
Caveats
  • Supply blocks, unpowered buildings, or Contaminate may cause inaccurate times.
  • Supply counts are checked every 10 seconds.